 Dungeon Crawl Stone Soup version 0.28.0-62-gf88900778d (webtiles) character file.

Game seed: 9920198026414921007

31 cbfl8 the Skirmisher (level 3, -1/29 HPs)
             Began as a Demonspawn Fighter on Sept 3, 2023.
             Slain by a hobgoblin
             ... wielding the +8 dagger "Demegehi" {protect, *Rage rElec rPois Str+4}
             ... led by Robin
              (5 damage)
             ... on level 2 of the Dungeon.
             The game lasted 00:01:15 (1126 turns).

cbfl8 the Skirmisher (Demonspawn Fighter)           Turns: 1126, Time: 00:01:16

Health: -1/29      AC:  6    Str: 16    XL:     3   Next: 7%
Magic:  3/3        EV:  8    Int:  9    God:
Gold:   39         SH:  9    Dex: 14    Spells: 2/2 levels left

rFire   + . .      SeeInvis .   a - +0 war axe
rCold   + . .      Faith    .   c - +0 buckler
rNeg    . . .      Spirit   .   b - +0 scale mail
rPois   +          Reflect  .   (no helmet)
rElec   +          Harm     .   (no cloak)
rCorr   +          Rampage  .   (no gloves)
Will    .....                   (no boots)
Stlth   ..........              (no amulet)
HPRegen 0.09/turn               (no ring)
MPRegen 0.08/turn               (no ring)

@: resistant
A: large bone plates 1, foul stench 1
a: no special abilities


You were on level 2 of the Dungeon.
You visited 1 branch of the dungeon, and saw 2 of its levels.

You collected 39 gold pieces.

Inventory:

Hand Weapons
 a - a +0 war axe (weapon)
Armour
 b - a +0 scale mail (worn)
 c - a +0 buckler (worn)
Scrolls
 e - a scroll of magic mapping {unknown}
 f - a scroll of fog {unknown}
 i - a scroll of identify {unknown}
Potions
 d - a potion of might
 h - a potion of haste {unknown}
 j - a potion of curing {unknown}


   Skills:
 + Level 3.2 Fighting
 + Level 2.2 Axes
 + Level 3.0 Armour
 + Level 2.9 Shields
 * Level 0.8 Evocations


You had 2 spell levels left.
You didn't know any spells.
Your spell library contained the following spells:

 Spells                   Type           Power      Damage    Failure   Level
 Summon Small Mammal      Summ           0%         N/A       88%         1
 Call Canine Familiar     Summ           0%         N/A       99%         3
 Summon Guardian Golem    Hex/Summ       0%         N/A       99%         3


Dungeon Overview and Level Annotations

Branches:
Dungeon (2/15)

Altars:

Annotations:
D:2 Robin


Innate Abilities, Weirdness & Mutations

You are partially covered in large bone plates. (SH +4)
You may rarely emit foul miasma when damaged in melee.


Message History

You hit the goblin.
You kill the goblin!
You hit the goblin.
You kill the goblin!
Robin throws the goblin at you! You block the goblin's attack.
A goblin comes into view. It is wielding a +0 club.
You block the ball python's attack. The ball python grabs you.
The ball python constricts you.
The goblin shouts!
You slash the ball python!
You kill the ball python!
You slash the goblin!
You kill the goblin!
Robin says, "My goblins will feast on your bones."
The goblin hits you with a +0 dagger.
You have reached level 3!
Your experience leads to an increase in your attributes!
Increase (S)trength, (I)ntelligence, or (D)exterity?
You feel agile. x2; Your demonic ancestry asserts itself...
You begin to emit a foul stench of rot and decay.
Items here: ))) ††.
The goblin no longer looks unusually strong.
The hobgoblin no longer looks unusually strong.
The goblin no longer looks unusually strong.
You block the goblin's attack.
A worm comes into view.
You block the goblin's attack. You block the worm's attack.
You barely miss the worm. You closely miss the goblin.
The goblin hits you but does no damage. The worm bites you.
You hit the worm but do no damage. You slash the goblin!
You kill the goblin!
The worm bites you but does no damage.
The hobgoblin hits you with the +8 dagger "Demegehi" {protect, *Rage rElec rPois Str+4}!
* * * LOW HITPOINT WARNING * * *
Okay, then.
It was a potion of resistance.
You feel protected.
The hobgoblin hits you with the +8 dagger "Demegehi" {protect, *Rage rElec rPois Str+4}.
You die...

# #.#
#.###.############
#.##..............
#.###.############
#.# #.# #w# #@#
########### #g#
#..g..g.g.#
#g######.#######.#
#gg..ggg.# #.#
########## #g# #.g
###


You could see a worm, a hobgoblin and 3 goblins.

Vanquished Creatures
  A worm (D:2)
  A dart slug (D:1)
  An endoplasm (D:1)
  6 goblins (D:2)
  3 hobgoblins
  2 jackals (D:1)
  A kobold (D:1)
  A quokka (D:1)
  2 ball pythons (D:2)
  A bat (D:1)
  2 frilled lizards (D:1)
  3 rats (D:1)
24 creatures vanquished.

Notes
Turn   | Place    | Note
-------+----------+-------------------------------------------
     0 | D:1      | cbfl8 the Demonspawn Fighter began the quest for the Orb.
     0 | D:1      | Reached XP level 1. HP: 18/18 MP: 1/1
   301 | D:1      | Gained mutation: You are partially covered in large bone
                  | plates. (SH +4) [demonic ancestry]
   301 | D:1      | Reached XP level 2. HP: 24/24 MP: 2/2
  1057 | D:2      | Identified the +8 dagger "Demegehi" {protect, *Rage rElec
                  | rPois Str+4}
  1066 | D:2      | Identified the +0 helmet of Vogax {rCorr Int-5 Dex+8
                  | Slay-5}
  1066 | D:2      | Noticed Robin
  1076 | D:2      | Gained mutation: You may rarely emit foul miasma when
                  | damaged in melee. [demonic ancestry]
  1076 | D:2      | Reached XP level 3. HP: 12/29 MP: 3/3
  1126 | D:2      | Slain by a hobgoblin

Illustrated notes

Levels and vault maps discovered:
D:1:      dpeg_arrival_triangle_fractal, layout_loops_cross,
          kennysheep_decorative_pillar, kennysheep_nondescript
D:2:      layout_loops_ring, uniq_robin

Skill      XL: |  1  2 |
---------------+-------+-----
Axes           | 2 |  2.2
Armour         | 3 |  3.0
Fighting       | |  3.2
Shields        | |  2.9
Evocations     | |  0.8

Action                   || total
-------------------------++-------
Melee: War axe           ||    63
  Use: Potion            ||     1
Armor: Scale mail        ||    37
Dodge: Dodged            ||    24
Block: Buckler           ||    38
